 Dungeon Crawl Stone Soup version 0.31.0-2-g5a2aebc5c2 (webtiles) character file.

Game seed: 11532705012035192162

7679 groovy9 the Cleaver (level 11, -2/94 (99) HPs)
             Began as a Hill Orc Fighter on Jan 21, 2024.
             Was a High Priest of Ru.
             Slain by a great orb of eyes simulacrum (22 damage)
             ... in an ice cave.
             The game lasted 00:29:41 (10851 turns).

groovy9 the Cleaver (Hill Orc Fighter)             Turns: 10851, Time: 00:29:42

HP:   -2/94 (99)    AC: 17    Str: 24    XL:     11   Next: 19%
MP:   11/11         EV:  8    Int:  8    God:    Ru [*****.]
Gold: 357           SH:  0    Dex: 10    Spells: 10/10 levels left

rFire   + + .        h - +0 broad axe
rCold   . . .        j - orb {light}
rNeg    . . .        o - +2 chain mail {rF+}
rPois   .            (no helmet)
rElec   .            H - +0 cloak {rCorr}
rCorr   +            u - +0 pair of gloves
SInv    .            i - +0 pair of boots
Will    +....        (no amulet) Stlth
                     s - ring of willpower
HPRegen 0.35/turn    a - ring of protection from fire
MPRegen 0.12/turn

%: no passive effects
@: exhausted, glowing, drained
A: inability to use devices, hated by all, unskilled 1
a: Renounce Religion, Draw Out Power, Power Leap, Apocalypse


You were in an ice cave.
You worshipped Ru.
Ru was extremely pleased with you.
You visited 1 branch of the dungeon, and saw 11 of its levels.
You also visited: Ice Cave.

You collected 525 gold pieces.
You spent 168 gold pieces at shops.

Inventory:

Hand Weapons
 h - a +0 broad axe (weapon)
Armour
 c - a +0 buckler
 i - a +0 pair of boots (worn)
 j - an orb of light (worn)
 o - a +2 chain mail of fire resistance (worn)
 u - a +0 pair of gloves (worn)
 v - a scarf of repulsion
 H - a +0 cloak of preservation (worn)
Jewellery
 a - a ring of protection from fire (right hand)
 q - a ring of flight
 s - a ring of willpower (left hand)
Wands
 F - a wand of paralysis (14)
Scrolls
 b - 3 scrolls of amnesia
 e - 2 scrolls of fear {unknown}
 m - 3 scrolls of blinking
 n - a scroll of enchant weapon
 p - 2 scrolls of revelation {unknown}
 r - 2 scrolls of poison {unknown}
 t - 8 scrolls of teleportation
 w - 2 scrolls of brand weapon {unknown}
 x - a scroll of fog {unknown}
 y - a scroll of enchant armour {unknown}
 z - a scroll of vulnerability {unknown}
 E - a scroll of immolation
 G - a scroll of silence {unknown}
Potions
 d - a potion of heal wounds
 f - 9 potions of curing
 g - a potion of brilliance
 k - 2 potions of cancellation
 l - 2 potions of enlightenment
 A - a potion of mutation {unknown}
 B - 2 potions of attraction
 C - a potion of lignification {unknown}
 D - a potion of ambrosia {unknown}


   Skills:
 + Level 9.9 Fighting
 * Level 14.3 Axes
 + Level 9.1 Armour
 - Level 3.0 Shields


You had 10 spell levels left.
You didn't know any spells.
Your spell library contained the following spells:

 Spells                   Type           Power      Damage    Failure   Level
 Lesser Beckoning         Tloc           0%         N/A       96%         2
 Gell's Gravitas          Tloc           0%         N/A       99%         3
 Teleport Other           Tloc           0%         N/A       99%         3
 Lee's Rapid Deconstruct  Erth           0%         3d4*      100%        5
 Animate Armour           Summ/Erth      Unusable   N/A       N/A         4
 Summon Lightning Spire   Summ/Air       Unusable   N/A       N/A         4

Dungeon Overview and Level Annotations

Branches:
Dungeon (11/15)            Temple (0/1) D:5           IceCv (1/1)
   Lair: D:8-11         Orc: D:9-12

Altars:
Ashenzari
Cheibriados
Dithmenos
Kikubaaqudgha
Qazlal
Ru
Sif Muna
Vehumet
Wu Jian
Xom
The Shining One

Shops:
D:4 *

Annotations:
D:1 1 transporter
D:10 1 runed translucent door, olmar's ghost, journeyman GrEE


Innate Abilities, Weirdness & Mutations

You cannot study or use magical devices.
You are hated by all.
You are somewhat unskilled. (-1 Apt)


Message History

The rime drake is severely wounded.
The rime drake bites you but does no damage. x2
You slice the rime drake!!
You kill the rime drake!
You see here a rime drake corpse.
There is a frozen archway here.
The world spins around you as you enter the gateway.
You enter an ice cave!
Found an ice covered gate leading back out of this place.
There is an ice choked empty arch of ancient stone here.
The great orb of eyes simulacrum bites you but does no damage.
The slime creature simulacrum misses you.
You hit the great orb of eyes simulacrum.
The great orb of eyes simulacrum is lightly damaged.
You slash the slime creature simulacrum!
The great orb of eyes simulacrum bites you but does no damage.
The slime creature simulacrum hits you but does no damage.
You hit the great orb of eyes simulacrum.
The great orb of eyes simulacrum is lightly damaged.
You slash the slime creature simulacrum!
You slash the great orb of eyes simulacrum!
The great orb of eyes simulacrum is moderately damaged.
You hit the slime creature simulacrum. The slime creature simulacrum hits you.
The slime creature simulacrum freezes you!
The great orb of eyes simulacrum bites you but does no damage.
You hit the great orb of eyes simulacrum but do no damage.
The great orb of eyes simulacrum is moderately damaged.
You slash the slime creature simulacrum!
The slime creature simulacrum hits you but does no damage.
The great orb of eyes simulacrum bites you.
The great orb of eyes simulacrum freezes you!!
You are too injured to fight recklessly!
You are restored by drawing out deep reserves of power within.
You feel drained. The slime creature simulacrum hits you!
The slime creature simulacrum freezes you!!
* * * LOW HITPOINT WARNING * * *
The great orb of eyes simulacrum bites you!
* * * LOW HITPOINT WARNING * * *
The great orb of eyes simulacrum freezes you!!
You die...

## # ...##
###..
...#####...
.......
#ZZ.# #@#
##.##
##...##
#..∩..#
##.∩.##
#####


You could see a slime creature simulacrum and a great orb of eyes simulacrum.

Vanquished Creatures
  Snorg (D:10)
  A two-headed ogre (D:9)
  Pikel (D:7)
  2 rime drakes (D:11)
  2 trolls
  A hornet (D:9)
  A shadow (D:10)
  A wraith (D:10)
  2 wyverns (D:8)
  Eustachio (D:4)
  The ghost of dialectric the Cudgeller, an amateur MiFi (D:5)
  8 yaks
  A steam dragon (D:10)
  A vampire mosquito (D:5)
  2 acid dragons (D:10)
  2 sky beasts (D:7)
  2 ice beasts
  2 ogres
  A centaur (D:5)
  A phantom (D:5)
  A lemure (D:7)
  2 bullfrogs
  A gnoll sergeant (D:6)
  A scorpion (D:4)
  4 wights (D:5)
  5 killer bees (D:9)
  4 howler monkeys
  2 bombardier beetles
  2 hounds
  4 orc priests
  Crazy Yiuf (D:3)
  A gnoll bouda (D:8)
  Natasha (thrice) (D:2)
  3 iguanas
  6 orc wizards
  10 gnolls
  An adder (D:3)
  A shadow imp (D:6)
  4 white imps
  A ribbon worm (D:6)
  A dart slug (D:3)
  25 orcs
  8 endoplasms
  3 giant cockroaches
  6 goblins
  9 hobgoblins
  2 kobolds
  3 quokkas
  3 ball pythons
  4 bats
  A frilled lizard (D:1)
  3 goblin skeletons (D:8)
  A goblin zombie (D:8)
  A hobgoblin zombie (D:8)
  A kobold skeleton (D:8)
  An orc zombie (D:8)
  A rat (D:3)
164 creatures vanquished.

Notes
Turn   | Place    | Note
-------+----------+-------------------------------------------
     0 | D:1      | groovy9 the Hill Orc Fighter began the quest for the Orb.
     0 | D:1      | Reached XP level 1. HP: 19/19 MP: 1/1
   101 | D:1      | Reached skill level 3 in Axes
   110 | D:1      | Reached XP level 2. HP: 27/27 MP: 2/2
   933 | D:2      | Noticed Natasha
   952 | D:2      | Killed Natasha
   953 | D:2      | Reached skill level 4 in Axes
   953 | D:2      | Reached XP level 3. HP: 6/33 MP: 3/3
  1058 | D:2      | Noticed Natasha
  1062 | D:2      | Killed Natasha
  1063 | D:2      | Reached XP level 4. HP: 40/40 MP: 4/4
  1144 | D:2      | Noticed Natasha
  1149 | D:2      | Killed Natasha
  1538 | D:3      | Reached skill level 5 in Axes
  1538 | D:3      | Reached XP level 5. HP: 43/47 MP: 5/5
  1776 | D:3      | Found a sacrificial altar of Ru.
  1877 | D:3      | Became a worshipper of Ru the Awakened
  2520 | D:3      | Found a runed translucent door.
  2521 | D:3      | Noticed Crazy Yiuf
  2528 | D:3      | Killed Crazy Yiuf
  2633 | D:4      | Reached skill level 5 in Fighting
  2633 | D:4      | Reached XP level 6. HP: 56/56 MP: 6/6
  2651 | D:4      | Noticed Eustachio
  2677 | D:4      | Killed Eustachio
  2678 | D:4      | Reached skill level 6 in Axes
  2850 | D:4      | Reached skill level 7 in Axes
  2850 | D:4      | Reached skill level 5 in Armour
  2875 | D:4      | Reached XP level 7. HP: 59/61 MP: 7/7
  3059 | D:4      | Found Pafruin's Neck Hole.
  3165 | D:4      | Found an ancient bone altar of Kikubaaqudgha.
  3337 | D:4      | Gained mutation: You are somewhat unskilled. (-1 Apt) [Ru
                  | sacrifice]
  3337 | D:4      | Reduced skill Axes to level 6
  3337 | D:4      | Reached * piety under Ru
  3743 | D:5      | Entered Level 5 of the Dungeon
  3786 | D:5      | Reached skill level 7 in Axes
  4127 | D:4      | Bought a scarf of repulsion for 168 gold pieces
  4171 | D:5      | Found a shadowy altar of Dithmenos.
  4226 | D:5      | Reached skill level 5 in Armour
  4247 | D:5      | Found a staircase to the Ecumenical Temple.
  4444 | D:5      | Noticed a vampire mosquito
  4447 | D:5      | Reached XP level 8. HP: 48/70 MP: 8/8
  4452 | D:5      | Reached skill level 8 in Axes
  4734 | D:5      | Found a large runed translucent door.
  4735 | D:5      | Found a large runed translucent door.
  4736 | D:5      | Noticed dialectric's ghost (amateur MiFi)
  4865 | D:5      | Killed dialectric's ghost
  4866 | D:5      | Reached skill level 9 in Axes
  5132 | D:6      | Found a snail-covered altar of Cheibriados.
  6125 | D:6      | Reached XP level 9. HP: 64/78 MP: 9/9
  6380 | D:7      | Reached skill level 10 in Axes
  6450 | D:7      | Found a radiant altar of Vehumet.
  6577 | D:7      | Reached skill level 11 in Axes
  6843 | D:7      | Noticed Pikel
  6860 | D:7      | Killed Pikel
  6941 | D:7      | Gained mutation: You are hated by all. [Ru sacrifice]
  6941 | D:7      | Reached ** piety under Ru
  6941 | D:7      | Reached *** piety under Ru
  7132 | D:8      | Reached XP level 10. HP: 44/88 MP: 10/10
  7348 | D:8      | Reached skill level 12 in Axes
  7613 | D:8      | Found a glowing golden altar of the Shining One.
  7676 | D:8      | Found an ornate altar of the Wu Jian Council.
  8013 | D:8      | Found a shimmering altar of Xom.
  8015 | D:8      | Noticed a spectral ugly thing
  8416 | D:9      | Paralysed by a hornet for 3 turns
  8422 | D:9      | Paralysed by a hornet for 3 turns
  9014 | D:9      | Noticed a two-headed ogre
  9021 | D:9      | Killed a two-headed ogre
  9022 | D:9      | Reached skill level 13 in Axes
  9523 | D:10     | Entered Level 10 of the Dungeon
  9777 | D:10     | Gained mutation: You cannot study or use magical devices.
                  | [Ru sacrifice]
  9777 | D:10     | Reached **** piety under Ru
  9777 | D:10     | Reached ***** piety under Ru
  9908 | D:10     | Noticed Snorg
  9916 | D:10     | Killed Snorg
  9917 | D:10     | Reached XP level 11. HP: 74/99 MP: 2/11
 10025 | D:10     | Reached skill level 14 in Axes
 10200 | D:10     | Found a runed translucent door.
 10201 | D:10     | Noticed olmar's ghost (journeyman GrEE)
 10366 | D:10     | Found a shimmering blue altar of Sif Muna.
 10454 | D:10     | Found a broken altar of Ashenzari.
 10458 | D:10     | Saw a vision of the Swamp and the Spider Nest.
 10458 | D:10     | Noticed a bog body
 10458 | D:10     | Noticed a five-headed hydra
 10458 | D:10     | Noticed an orb spider
 10458 | D:10     | Noticed a steelbarb worm
 10458 | D:10     | Noticed an eight-headed hydra
 10458 | D:10     | Noticed a wolf spider
 10691 | D:10     | Noticed a frost giant
 10760 | D:10     | Found a stormy altar of Qazlal.
 10833 | D:11     | Found a frozen archway.
 10843 | IceCv    | Entered an ice cave
 10851 | IceCv    | Slain by a great orb of eyes simulacrum

Illustrated notes

Levels and vault maps discovered:
D:1:      spicycebolla_arrival_risky_transporter, layout_loops_cross
D:2:      layout_rooms, uniq_natasha
D:3:      layout_loops_ring, pf_just_have_faith, nicolae_figureground_sparkle,
          uniq_crazy_yiuf_cottage
D:4:      kennysheep_spiral_hall, layout_layer_cave, kiku_gazebo_pond_becter,
          nicolae_shop_sticking_my_neck_out, uniq_eustachio
D:5:      kennysheep_big_flooded_room, layout_rooms,
          mainiacjoe_overflow_boulevard, minmay_temple_entry_proselytizer,
          ebering_ghost_disaster_area
D:6:      layout_layer_cave, slow_altar_1
D:7:      layout_rooms, mainiacjoe_overflow_alcove_1, uniq_pikel
D:8:      layout_loops_ring, general_overflow_altar,
          nicolae_tso_besieged_by_evil, regret_index_temple_of_mockery
D:9:      layout_cave_pods, kennysheep_generic_room_10
D:10:     layout_cave_pods, lemuel_blue_sif_altar, grunt_ashenzari_visionary
          [grunt_ashenzari_visionary_swamp, grunt_ashenzari_visionary_spider],
          lemuel_tele_altar, ebering_ghost_inner_flame, uniq_snorg
D:11:     layout_loops_ring, minmay_lair_entry_grove, orc_0_dummy,
          portal_ice_cave_rime
IceCv:    ice_cave_hellmonk_azure_passage

Skill      XL: |  1  2  3  4  5  6  7  8  9 10 11 |
---------------+----------------------------------+-----
Axes           | 3 4 5 7 7 9 11 13 14 | 14.3
Fighting       | 4 5 6 8 9 |  9.9
Armour         | 4 5 5 6 7 8 9 |  9.1
Shields        | |  3.0

Action                     |  1- 3 |  4- 6 |  7- 9 | 10-12 || total
---------------------------+-------+-------+-------+-------++-------
  Melee: War axe           |    41 |    79 |   187 |   117 ||   424
         Broad axe         |       |       |       |    77 ||    77
 Invoke: Sacrifice Skill   |       |       |     1 |       ||     1
         Sacrifice Love    |       |       |     1 |       ||     1
         Draw Out Power    |       |       |       |     4 ||     4
         Apocalypse        |       |       |       |     1 ||     1
         Sacrifice Artific |       |       |       |     1 ||     1
    Use: Potion            |     1 |       |     1 |     1 ||     3
         Scroll            |       |     9 |       |     1 ||    10
 Armour: Scale mail        |     4 |       |       |       ||     4
         Chain mail        |    28 |    54 |   154 |   174 ||   410
  Dodge: Dodged            |    18 |    39 |    64 |    83 ||   204
         Repelled          |       |       |     3 |       ||     3
  Block: Buckler           |     4 |       |       |       ||     4
